Cogmind - Beta 16 @@@ ROGUE MODE // 2025.12.12 @ 23:38:16 Player: PopcornMaze Result: Destroyed by Autobeam Turret with Autobeam Performance ------------- Evolutions (0) 0 Regions Visited (2) 400 Robots Destroyed (28) 140 Value Destroyed (673) 673 Prototype IDs (0) 0 Alien Tech Used (0) 0 Bonus (0) 0 TOTAL SCORE: 1213 Bonus ------- None Cogmind --------- Core Integrity 0/250 Matter 300/300 Energy 100/100 System Corruption 0% Temperature Cool (12) Movement Core (700) Ox13 Location -10/Subcaves Parts ------- > --- POWER (1) -------- (None) > --- PROPULSION (2) --- (None) > --- UTILITY (2) ------ High-capacity Storage Unit > --- WEAPON (2) ------- (None) > --- INVENTORY (20) --- Light Ion Engine Core Shielding Assault Rifle Peak State ------------ > --- POWER ------------ Light Ion Engine > --- PROPULSION ------- Wheel Wheel > --- UTILITY ---------- High-capacity Storage Unit Improved Terrain Scanner > --- WEAPON ----------- Assault Rifle Light Assault Rifle > --- INVENTORY -------- Ion Engine Light Ion Engine Light Treads Light Treads Heat Sink Terrain Scanner Assault Rifle Light Assault Rifle Grenade Launcher [Rating: 9] Favorites ----------- Power Ion Engine Engine Ion Engine Propulsion Wheel Treads Light Treads Wheel Wheel Utility High-capacity Storage Unit Device Heat Sink Storage High-capacity Storage Unit Weapon Light Assault Rifle Energy Gun Small Laser Ballistic Gun Light Assault Rifle Launcher Grenade Launcher Build | -11 -10 -10 ------- Run | Yrd Mat Sub Slots Evolved . | . . . Power . | . . . Propulsion . | . . . Utility . | . . . Weapon . | . . . Parts Attached 17 | 7 9 1 Power 2 | 1 1 . Engine 2 | 1 1 . Core . | . . . Reactor . | . . . Propulsion 4 | 2 2 . Treads 2 | . 2 . Leg . | . . . Wheel 2 | 2 . . Hover . | . . . Flight . | . . . Utility 5 | 1 4 . Device 3 | . 3 . Storage 2 | 1 1 . Processor . | . . . Hackware . | . . . Protection . | . . . Artifact . | . . . Weapon 6 | 3 2 1 Energy Gun 1 | . . 1 Energy Cannon . | . . . Ballistic Gun 4 | 3 1 . Ballistic Cannon . | . . . Launcher 1 | . 1 . Special Weapon . | . . . Impact Weapon . | . . . Slashing Weapon . | . . . Piercing Weapon . | . . . Special Melee Weapon . | . . . Unidentified Prototypes . | . . . Parts Lost 13 | . 5 8 Power 2 | . 1 1 Propulsion 4 | . 2 2 Utility 2 | . 1 1 Weapon 5 | . 1 4 Highest Loss Streak 5 | . 3 5 To Critical Strikes . | . . . Average Backups 5 | 1 6 4 Power 1 | . 1 1 Propulsion 1 | . 1 . Utility . | . . 1 Weapon 2 | . 2 2 Tool/Special . | . . . Unused Backups 2 | . . 2 Power 1 | . . 1 Propulsion . | . . . Utility 1 | . . 1 Weapon . | . . . Tool/Special . | . . . Average Slot Usage (%) 91 | . 91 93 Engine 13 | . 13 13 Treads 10 | . 9 13 Wheel 12 | . 13 9 Device 11 | . 11 13 Storage 14 | . 14 14 Ballistic Gun 24 | . 26 15 Launcher 3 | . 1 10 Peak Build Rating 9 | 6 9 7 Average Rating 6 | 4 6 6 On Entrance 4 | . 6 6 Avg Prop Armor Cover (%) 12 | . . 12 Naked Turns . | . . . Heaviest Build 50 | 12 50 50 Greatest Support 40 | 20 40 20 Greatest Overweight (x) 15 | . 2 15 Average Overweight (x) 2 | . 1 3 Largest Inventory Capacity 20 | 8 20 20 Average Capacity 18 | 6 19 20 Most Carried 9 | 3 9 6 Average Carried 5 | 1 6 4 Final Capacity 20 | 8 20 20 Final Carried 6 | 3 6 3 Class Distribution -------------------- 97% | Mutant Dominant Class ---------------- Mutant | -10/Materials Mutant | -10/Subcaves Resources | -11 -10 -10 ----------- Run | Yrd Mat Sub Matter Collected 851 | 193 563 95 Remotely . | . . . Salvage Created 781 | . 615 166 Parts 53 | . 39 14 Haulers Intercepted 1 | . 1 . Recyclers Shooed . | . . . Parts Field Recycled . | . . . Retrieved Matter . | . . . Parts Self-Destructed 5 | . . 5 Prevented . | . . . Parts Restored . | . . . Kills | -11 -10 -10 ------- Run | Yrd Mat Sub Combat Hostiles Destroyed 25 | . 18 7 Guns 14 | . 10 4 AOE 11 | . 8 3 Classes Destroyed 6 | . 5 1 Tunneler 1 | . 1 . Hauler 1 | . 1 . Recycler 1 | . 1 . Swarmer 10 | . 6 4 Grunt 12 | . 12 . Subdweller 3 | . . 3 Best Kill Streak 6 | . 6 4 Combat Bots Only 5 | . 5 4 Max Kills in Single Turn 4 | . 4 2 Gunslinging . | . . . Exploded 3 | . 3 2 Melee . | . . . Uniques/NPCs Destroyed . | . . . Combat | -11 -10 -10 -------- Run | Yrd Mat Sub Hostile Shots Fired 231 | . 84 147 Missed 84 | . 22 62 Hits 147 | . 62 85 Projectile 147 | . 62 85 Damage Taken 1400 | . 941 459 Core 257 | . 122 135 Absorbed by Shields . | . . . Core Remaining (%) 100 | 100 . . Volleys Fired 84 | . 65 19 Largest 2 | . 2 2 Hottest 60 | . 50 60 Shots Fired 166 | . 130 36 Gun 156 | . 124 32 Cannon . | . . . Launcher 10 | . 6 4 Special . | . . . Kinetic 144 | . 124 20 Thermal 12 | . . 12 Explosive 10 | . 6 4 Electromagnetic . | . . . Robot Hit Streak 16 | . 16 6 Robot Miss Streak 5 | . 5 4 Penetration Max . | . . . Secondary Targets 1 | . . 1 Max Gunslinging Chain 1 | . . 1 Shots Hit Robots 101 | . 83 18 Core Hits 44 | . 33 11 Critical Kills . | . . . Critical Parts Destroyed 1 | . . 1 Critical Strikes 1 | . . 1 Destroy 1 | . . 1 Melee Attacks . | . . . Impact . | . . . Slashing . | . . . Piercing . | . . . Sneak Attacks . | . . . Combat Hostiles . | . . . Follow-up Attacks . | . . . Damage Inflicted 1932 | . 1538 394 Guns 1013 | . 874 139 Cannons . | . . . Explosions 919 | . 664 255 Melee . | . . . Ramming . | . . . Kinetic 948 | . 874 74 Thermal 304 | . 239 65 Explosive 680 | . 425 255 Electromagnetic . | . . . Impact . | . . . Slashing . | . . . Piercing . | . . . Highest Corruption . | . . . Average Corruption . | . . . Corruption Purged . | . . . Corruption Blocked . | . . . Overload Shots . | . . . Overflow Damage 175 | . 172 3 Projectiles . | . . . Explosions 175 | . 172 3 Melee . | . . . Knockbacks . | . . . Impact . | . . . Kinetic . | . . . Secondary . | . . . Self-Inflicted Damage 290 | . 284 6 Shots 6 | . 5 1 Rammed . | . . . Targets Rammed . | . . . Kicked . | . . . Crushed . | . . . Highest Temperature 12 | . 12 3 Average Temperature 5 | . 5 3 Received Heat Transfer 540 | . 318 222 Siege Activations . | . . . Martial Activations . | . . . Shielding Activations . | . . . Robots Disrupted . | . . . Combat Hostiles . | . . . Robots Corrupted . | . . . Combat Hostiles . | . . . Parts Fried . | . . . Impact Corruptions . | . . . Robots Melted . | . . . Combat Hostiles . | . . . Parts Melted 1 | . . 1 Heat Transferred 300 | . 150 150 Parts Sabotaged . | . . . Parts Stolen . | . . . Parts Stripped . | . . . Power Chain Reactions . | . . . Alert | -11 -10 -10 ------- Run | Yrd Mat Sub Maximum Alert Level 1 | . 1 . Low Security (%) 73 | 100 71 . Level 1 26 | . 28 . Level 2 . | . . . Level 3 . | . . . Level 4 . | . . . Level 5 . | . . . High Security . | . . . Max Security . | . . . Peak Influence 275 | . 275 . Initial . | . . . Average 140 | . 147 . Influence Increases 764 | . 579 185 Destroy 0b10 Robot/C 440 | . 360 80 Destroy 0b10 Robot/NC 15 | . 15 . Destroy Leader 82 | . 82 . Successful Hack 19 | . 19 . Disable Machine 45 | . 45 . Destroy Structure 58 | . 58 . Lose Combat Pursuer 105 | . . 105 Influence Decreases 689 | . 432 257 Entered New Map 71 | . . 71 Time Decay 488 | . 382 106 Lost Part 130 | . 50 80 Squads Dispatched 6 | . 6 . Investigation 4 | . 4 . Extermination . | . . . Reinforcement 2 | . 2 . Assault . | . . . Garrison . | . . . Intercept . | . . . Searches Triggered . | . . . Construction Impeded . | . . . Haulers Reinforced . | . . . Active Scanning Responses . | . . . Cargo Convoy Interrupts . | . . . Stealth | -11 -10 -10 --------- Run | Yrd Mat Sub Distress Signals 1 | . 1 . Communications Jammed . | . . . Distress Signals . | . . . Times Spotted 35 | . 24 11 Peak Tracking Total 5 | . 3 5 Tactical Retreats 3 | . . 3 Traps | -11 -10 -10 ------- Run | Yrd Mat Sub Traps Triggered 2 | . 2 . Indirectly . | . . . Trap Hack Attempts . | . . . Triggered . | . . . Disarmed . | . . . Reprogrammed . | . . . Reused . | . . . Traps Extracted . | . . . Installed . | . . . Triggered . | . . . Machines | -11 -10 -10 ---------- Run | Yrd Mat Sub Machines Disabled 5 | . 3 2 Max in Single Turn 2 | . 2 2 Machines Repaired . | . . . Machines Dismantled . | . . . Machines Sabotaged . | . . . Overloaded Fab Kills . | . . . Hacking | -11 -10 -10 --------- Run | Yrd Mat Sub Machines Accessed 3 | . 3 . Terminals 2 | . 2 . Fabricators . | . . . Repair Stations 1 | . 1 . Recycling Units . | . . . Scanalyzers . | . . . Garrison Access . | . . . Total Hacks 9 | . 9 . Successful 2 | . 2 . Failed 7 | . 7 . Catastrophic 1 | . 1 . Database Lockouts . | . . . Manual 5 | . 5 . Terminals 6 | . 6 . Fabricators . | . . . Repair Stations 3 | . 3 . Recycling Units . | . . . Scanalyzers . | . . . Garrison Access . | . . . Terminal Hacks 1 | . 1 . Robot Schematic 1 | . 1 . Fabricator Hacks . | . . . Repair Station Hacks 1 | . 1 . Scan Component 1 | . 1 . Recycling Unit Hacks . | . . . Scanalyzer . | . . . Garrison Access Hacks . | . . . Unauthorized Hacks . | . . . Terminals . | . . . Fabricators . | . . . Repair Stations . | . . . Recycling Units . | . . . Scanalyzers . | . . . Garrison Access . | . . . Data Cores Recovered . | . . . Used . | . . . Hacking Detections 3 | . 3 . Full Trace Events 2 | . 2 . Feedback Events . | . . . Feedback Blocked . | . . . Robot Schematics Acquired 1 | . 1 . Robots Built . | . . . Authchips . | . . . Time . | . . . Total Robot Build Rating . | . . . Part Schematics Acquired . | . . . Parts Built . | . . . Authchips . | . . . Time . | . . . Total Part Build Rating . | . . . Part Studies Acquired . | . . . Parts Repaired . | . . . Time . | . . . Parts Recycled . | . . . Recycled Matter . | . . . Retrieved Matter . | . . . Retrieved Components . | . . . Parts Scanalyzed . | . . . Part Schematics Acquired . | . . . Parts Damaged . | . . . Bothacking | -11 -10 -10 ------------ Run | Yrd Mat Sub Used RIF Installer . | . . . Robots Hacked . | . . . Non-combat . | . . . Combat . | . . . Robot Hacks Applied . | . . . Relay Couplers Released . | . . . Fabnet Peak Effective % . | . . . Robots Rewired . | . . . Allies Hacked . | . . . Hacks Repelled . | . . . Allies | -11 -10 -10 -------- Run | Yrd Mat Sub Total Allies . | . . . Largest Group . | . . . Highest-Rated Group . | . . . Highest-Rated Ally . | . . . Total Orders . | . . . Ally Attacks . | . . . Total Damage . | . . . Kills . | . . . Allies Corrupted . | . . . Allies Melted . | . . . Intel | -11 -10 -10 ------- Run | Yrd Mat Sub Active Infowar (turns) 378 | . 378 . Terrain 378 | . 378 . Robot Analysis Total . | . . . Derelict Logs Recovered . | . . . Drone Launches . | . . . Drone Recoveries . | . . . Exploration | -11 -10 -10 ------------- Run | Yrd Mat Sub Turns Passed 1353 | 47 1022 284 Spaces Moved 621 | 42 432 147 Core 3 | 2 . 1 Treads 183 | . 174 9 Legs . | . . . Wheels 435 | 40 258 137 Hover . | . . . Flight . | . . . Fastest Speed 50 | 50 110 140 Average Speed 164 | 78 175 155 Slowest Speed 800 | 80 320 800 Overloaded Moves . | . . . Propulsion Burnouts . | . . . Robots Hopped . | . . . Potential Cave-ins . | . . . Cave-ins Triggered . | . . . Exploration Rate (%) 25 | 3 63 10 Regions Visited 2 Branch Regions 1 Pre-discovered Areas . | . . . Known Exits Taken . | . . . Unknown Exits Taken 2 | 1 1 . Scrap Searched 2 | . . 2 Spaces Dug 14 | . 14 . Terrain Destroyed 100 | . 71 29 Melee . | . . . Projectile . | . . . AOE 100 | . 71 29 Terrain Rammed . | . . . Walls Destroyed . | . . . Machines Disabled . | . . . Actions | -11 -10 -10 --------- Run | Yrd Mat Sub Total 792 | 54 568 170 Wait 44 | . 44 . Move 619 | 41 431 147 Hop . | . . . Pick Up 12 | 5 7 . Fast Attach 6 | 4 2 . Attach 10 | 3 4 3 Detach 1 | 1 . . Swap 14 | . 13 1 Drop 2 | . 2 . Fire 84 | . 65 19 Melee . | . . . Ram . | . . . Kick . | . . . Crush . | . . . Escape Stasis . | . . . Rewire . | . . . Trap . | . . . Miscellaneous . | . . . Route ------- -11/Scrapyard -10/Materials (discovered 3 exits: [*Mat x2] / [*Sub]) -10/Subcaves (discovered 1 exit: [*Rec]) History --------- Turn | Location | Event 31 | -11/Scrapyard | Discovered new exit (range 15) 48 | -11/Scrapyard | Entered Materials 311 | -10/Materials | Build established: Mutant 317 | -10/Materials | Discovered new exit (range 10) 650 | -10/Materials | Discovered new exit (range 8) 652 | -10/Materials | Lost 3 parts (1p1n1w) 1040 | -10/Materials | Discovered new exit (range 8) 1070 | -10/Materials | Entered Subcaves 1071 | -10/Subcaves | Approached by a straggling Scientist 1322 | -10/Subcaves | Core integrity fell below 50% 1336 | -10/Subcaves | Discovered new exit (range 9) 1339 | -10/Subcaves | Lost 3 parts (1n2w) 1347 | -10/Subcaves | Core integrity fell below 20% 1354 | -10/Subcaves | Destroyed by Autobeam Turret with Autobeam Last Messages --------------- 01314_ Flight Unit fries itself beyond repair. 01317_ S-10 Pest destroyed. 01319_ Flight Unit fries itself beyond repair. 01322_ Flight Unit melted. 01322_ S-10 Pest destroyed. SF-TKD(c): "I think it's somewhere northeast of here" 01326_ The unstable cave ceiling collapses. 01334_ S-10 Pest suffers critical hit (Destroy). 01334_ Destroyed Lgt. Ion Engine. 01334_ S-10 Pest destroyed. 01336_ Acquired 13 matter. 01336_ EXIT=FOUND 01340_ Flight Unit fries itself beyond repair. 01341_ Heat Sink destroyed. 01341_ Lgt. Treads destroyed. 01343_ Flight Unit fries itself beyond repair. 01343_ Ion Engine destroyed. 01350_ Sml. Laser destroyed. 01353_ Lgt. Assault Rifle destroyed. Map ----- +----------------------------------------------------+ | ?????????????????????????????????????????????????? | | ?????????????????????????????????????????????????? | | ?????????????????????????????????????????????????? | | ?????????????????????????????????????????????????? | | ?????????????????????????????????????????????????? | | ????????????????##???????????????????????????????? | | ????????????????# ######?????????????????????????? | | ????????????????# =&!|"#?????????????????????????? | | ????????????????# &*&%%#?????????????????????????? | | ????????????????# %*&###???????####??????????????? | | ????????????????# !& ###??????## #??????????????? | | ????????????????## ## ###????# ##??????????????? | | ?????????????###?#< " ##??## #???????????????? | | ????????????## ## #?## ##??????????????? | | ????????????# ## ### ##?????????????? | | ????????????## ## ###??####?????? | | ?????????????## ### #### #####?? | | ??????????????# ## #?# ## ## ### | | ??????????????####### #?# # | | ????????????????????# ## ##?# | | ????????????????????# #####??##### ## | | ?????????????????#### #???????# #### | | ????????????????## #?????""# ##??## | | ???????????????## c #??? "# ! #####????# | | ???????????????# ## "# %[* #??####### | | ??????????????# %@ t""## [ #?## # ## | | ?????????????# ## <## #?# | | ?????????????# # % t "### ## "" | | ??????????? ## #### % #?# # ##" | | ?????????? #?# ???# "#? ## # ## | | ????????? ?? ???? ""#?## ## ## #? | | ????????? ## ?? ???? # ##??# ## # ##? | | ??????????#??## ? ## ????? # ?? ### ## ### | | ??????????????#?####?? ????? ? ### ## " | | ?????????????????????? ????? ### # """ | | ?????????????????????? ?????? ##### # """ | | ?????????????????????? ??????### ?#??# """ | | ?????????????????????? ?????????# #???# " | | ????????????????????????????????????## # # | | ????????????????????????????????????# #### | | ????????????????????????????????????## ## # | | ?????????????????????????????????????## | | ??????????????????????????????????????# | | ?????????????????????????????????????# # ## | | ??????????????????????????????????? ######?## | | ????????????????????????????????????? ????????# | | ???????????????????????????????????? ????????# | | ???????????????????????????????????## ???????? | | ????????????????????????????????????## ?????????# | | ??????????????????????????????????????#?????????## | +----------------------------------------------------+ Best States ------------- Heat Dissipation 35 Energy Generation 10 Energy Capacity 250 Matter Stores 300 Matter Capacity 300 Sight Range 16 Terrain Scan Range 16 Terrain Scan Density 10 Evasion (%) 44 Recoil Reduction 2 Item Schematics ----------------- None Robot Schematics ------------------ M-13 Machinist | -10/Materials | Hacked Fabricated ------------ Nothing Repaired ---------- Nothing Studied --------- None Alien Tech Used ----------------- None Achievements -------------- None Challenges ------------ None Game ------ Seed MediumPlatingDrillbomb Manual? 0 Play Time 00:15:12 Cumulative 13.0 hours Start 2025.12.12 @ 23:25:47 End 2025.12.12 @ 23:38:16 Sessions 1 Manual Loads 0 Difficulty Rogue Special Mode None Game No. 17 Rogue 17 Adventurer 0 Explorer 0 Win Type - Total 0 Types 0/0/0/0/0/0/0/0/0/0 Lore% 5 Gallery% 16 Achievement% 18 Wizard Run 0 Options --------- Layout 1 ASCII 0 Keyboard 0 Movement Numpad Keybinds 0 Fullscreen 1 Font 32/SmallcapsGlow Map View 50x35 Zoom Use 0% Tactical HUD 1 Map Filters NONE Filters NONE Steam 1 RUN: 20d1aab5-2aec-4ac1-8ed8-eaf9ade44a16